 Dungeon Crawl Stone Soup version 0.24-a0-537-g2d01d4ab0a (webtiles) character file.

Game seed: 15853346487456341739

2343 Mithandil the Shield-Bearer (level 9, -5/75 HPs)
             Began as a Minotaur Fighter on Aug 14, 2019.
             Was a Follower of the Shining One.
             Slain by an orc warrior
             ... wielding a +0 flail
              (11 damage)
             ... on level 8 of the Dungeon.
             The game lasted 00:28:56 (4419 turns).

Mithandil the Shield-Bearer (Minotaur Fighter)      Turns: 4419, Time: 00:28:57

Health: -5/75      AC: 18    Str: 24    XL:     9   Next: 20%
Magic:  7/7        EV:  8    Int:  5    God:    the Shining One [*.....]
Gold:   90         SH: 11    Dex: 10    Spells: 8/8 levels left

rFire    + + .     SeeInvis .   t - +8 lance "Wyrmbane" {slay drac, rPois rF+ rC+ AC+3}
rCold    + + .     Gourm    .   c - +0 shield
rNeg     . . .     Faith    .   v - +0 chain mail
rPois    +         Spirit   .   (helmet unavailable)
rElec    .         Reflect  .   o - scarf {repulsion}
rCorr    .         Harm     .   C - +2 pair of gloves
MR       .....                  n - +1 pair of boots
Stlth    ..........             m - amulet of regeneration
HPRegen  0.62/turn              z - ring "Lidiumin" {rF+ rC+ Stlth-}
MPRegen  0.10/turn              y - ring of stealth

@: glowing, repel missiles
A: retaliatory headbutt, horns 3, low mp 1
a: Renounce Religion


You were on level 8 of the Dungeon.
You worshipped the Shining One.
The Shining One was aware of your devotion.
You were not hungry.

You visited 1 branch of the dungeon, and saw 8 of its levels.

You collected 180 gold pieces.
You spent 90 gold pieces at shops.

Inventory:

Hand Weapons
 a - a +3 dagger of electrocution
 b - a +0 long sword
 t - the +8 lance "Wyrmbane" (weapon) {slay drac, rPois rF+ rC+ AC+3}
   (You found it on level 5 of the Dungeon)

   It affects your AC (+3).
   It protects you from fire.
   It protects you from cold.
   It protects you from poison.
 u - a +0 hunting sling
 w - a +2 hand axe of flaming
 B - a +1 flail of protection
 E - a +0 trident
 F - a +2 dagger of venom
Missiles
 i - 127 stones
 j - 3 poisoned darts (quivered)
 k - 22 boomerangs
 q - 45 bolts
Armour
 c - a +0 shield (worn)
 n - a +1 pair of boots (worn)
 o - a scarf of repulsion (worn)
 v - a +0 chain mail (worn)
 C - a +2 pair of gloves (worn)
Jewellery
 m - an amulet of regeneration (around neck)
 r - an uncursed ring of magical power
 y - a ring of stealth (right hand)
 z - the ring "Lidiumin" (left hand) {rF+ rC+ Stlth-}
   (You found it on level 5 of the Dungeon)

   [ring of attention]

   It protects you from fire.
   It protects you from cold.
   It makes you less stealthy.
Wands
 p - a wand of disintegration (36)
 A - a wand of digging (6)
 D - a wand of flame (10)
Scrolls
 g - 5 scrolls of remove curse
 h - 3 scrolls of teleportation
 G - a scroll of amnesia
Potions
 d - a potion of might
 e - a potion of agility
 s - a potion of heal wounds
 x - 3 potions of curing
Comestibles
 f - 13 rations
 l - 8 chunks of flesh


   Skills:
 + Level 6.0 Fighting
 - Level 5.0(6.3) Short Blades
 - Level 6.3(7.3) Long Blades
 * Level 3.1 Polearms
 + Level 3.7 Throwing
 + Level 5.9 Armour
 + Level 4.0 Dodging
 * Level 7.7 Shields


You had 8 spell levels left.
You didn't know any spells.
Your spell library was empty.

Dungeon Overview and Level Annotations

Branches:
Dungeon (8/15)
 Temple: D:4-7         Lair: D:8-11

Altars:
Dithmenos
Fedhas
Gozag
Kikubaaqudgha
Nemelex Xobeh
Trog
Wu Jian
Xom
Zin
The Shining One


Innate Abilities, Weirdness & Mutations

You reflexively headbutt those who attack you in melee.
You have a pair of large horns on your head.
Your magical capacity is low. (-10% MP)


Message History

You closely miss the orc warrior. Your headbutt misses the orc warrior.
The orc warrior is heavily wounded.
The hornet barely misses you. You furiously retaliate!
You headbutt the hornet! The orc warrior barely misses you.
You hit the orc warrior.
The orc warrior is heavily wounded.
The hornet stings you.
* * * LOW HITPOINT WARNING * * *
You block the hornet's attack.
An orc comes into view. It is wielding a +0 flail.
You hit the orc warrior. Your headbutt misses the orc warrior.
The orc warrior is severely wounded.
The hornet stings you but does no damage.
The orc warrior hits you with a +0 flail!
* * * LOW HITPOINT WARNING * * *
You hit the orc warrior.
The orc warrior is severely wounded.
You block the hornet's attack.
The orc warrior hits you with a +0 flail!
You die...

... ..#..####
........
#.#...#
#.#...#
####'#...#
####........#
......y)....#
.......@o##.#
....###'#o# #
... #o#.# ..
....o .
##.#...
#.##### #..
###


You could see a hornet, an orc warrior and 2 orcs.

Vanquished Creatures
  A two-headed ogre (D:8)
  Grinder (D:4)
  Sigmund (D:5)
  Eustachio (D:5)
  Purgy (D:3)
  A phantom (D:4)
  2 ogres
  2 centaurs
  A scorpion (D:4)
  A crimson imp (D:5)
  2 orc wizards
  3 orc priests
  3 hounds
  Ijyb (D:5)
  Natasha (thrice) (D:3)
  2 worker ants
  A hound skeleton (D:4)
  3 gnolls (D:5)
  9 adders
  An ooze (D:1)
  6 worms
  4 dart slugs
  5 leopard geckos
  26 orcs
  3 giant cockroaches
  6 goblins
  7 hobgoblins
  10 kobolds
  2 quokkas
  8 bats
  7 frilled lizards
  A leopard gecko skeleton (D:4)
  9 rats
  A plant (D:3)
135 creatures vanquished.

Vanquished Creatures (others)
  A plant (D:6)
1 creature vanquished.

Grand Total: 136 creatures vanquished

Notes
Turn   | Place    | Note
-------+----------+-------------------------------------------
     0 | D:1      | Mithandil the Minotaur Fighter began the quest for the Orb.
     0 | D:1      | Reached XP level 1. HP: 19/19 MP: 0/0
   129 | D:1      | Reached XP level 2. HP: 26/27 MP: 1/1
   329 | D:1      | Reached skill level 4 in Shields
   389 | D:2      | Reached skill level 1 in Short Blades
   395 | D:2      | Reached XP level 3. HP: 24/33 MP: 2/2
  1145 | D:2      | Found an ancient bone altar of Kikubaaqudgha.
  1206 | D:2      | Reached skill level 1 in Throwing
  1310 | D:2      | Reached XP level 4. HP: 38/40 MP: 3/3
  1529 | D:3      | Reached skill level 1 in Dodging
  1536 | D:3      | Reached XP level 5. HP: 29/46 MP: 4/4
  1736 | D:2      | Found an ornate altar of the Wu Jian Council.
  1736 | D:2      | Found a glowing golden altar of the Shining One.
  1743 | D:2      | Became a worshipper of the Shining One
  1989 | D:3      | Noticed Purgy
  1999 | D:3      | Killed Purgy
  1999 | D:3      | Reached skill level 5 in Shields
  1999 | D:3      | Reached XP level 6. HP: 43/53 MP: 5/5
  2385 | D:3      | Gained mutation: Your body sometimes deteriorates upon
                  | taking damage. [potion of mutation]
  2385 | D:3      | Gained mutation: Armour fits poorly on your strangely
                  | shaped body. [potion of mutation]
  2385 | D:3      | Gained mutation: You are robust. (+10% HP) [potion of
                  | mutation]
  2400 | D:3      | Lost mutation: Your body sometimes deteriorates upon taking
                  | damage. [potion of mutation]
  2400 | D:3      | Lost mutation: Armour fits poorly on your strangely shaped
                  | body. [potion of mutation]
  2400 | D:3      | Lost mutation: You are robust. (+10% HP) [potion of
                  | mutation]
  2400 | D:3      | Gained mutation: Your magical capacity is low. (-10% MP)
                  | [potion of mutation]
  2400 | D:3      | Gained mutation: You have a pair of large horns on your
                  | head. [potion of mutation]
  2432 | D:3      | Found a faded altar of an unknown god.
  2452 | D:3      | Noticed Natasha
  2455 | D:3      | Killed Natasha
  2851 | D:5      | Entered Level 5 of the Dungeon
  2867 | D:5      | Found a shimmering altar of Xom.
  3008 | D:3      | Noticed Natasha
  3015 | D:3      | Killed Natasha
  3015 | D:3      | Reached XP level 7. HP: 51/60 MP: 5/5
  3055 | D:3      | Noticed Natasha
  3059 | D:3      | Killed Natasha
  3367 | D:4      | Found Zin's Purification Station.
  3370 | D:4      | Found a glowing silver altar of Zin.
  3393 | D:4      | Bought a potion of curing for 90 gold pieces
  3420 | D:4      | Reached * piety under the Shining One
  3431 | D:4      | Reached skill level 5 in Long Blades
  3438 | D:4      | Reached skill level 6 in Shields
  3489 | D:4      | Found a bloodstained altar of Trog.
  3489 | D:4      | Found a shadowy altar of Dithmenos.
  3489 | D:4      | Found an opulent altar of Gozag.
  3497 | D:4      | Reached skill level 5 in Fighting
  3507 | D:4      | Found a blossoming altar of Fedhas.
  3548 | D:5      | Got a shimmering turquoise ring
  3556 | D:4      | Identified the ring "Lidiumin" {rF+ rC+ Stlth-} (You found
                  | it on level 5 of the Dungeon)
  3716 | D:4      | Noticed Grinder
  3719 | D:4      | Killed Grinder
  3719 | D:4      | Reached skill level 5 in Armour
  3719 | D:4      | Reached XP level 8. HP: 68/68 MP: 6/6
  3934 | D:5      | Noticed Sigmund
  3936 | D:5      | Killed Sigmund
  4038 | D:5      | Noticed Eustachio
  4052 | D:5      | Killed Eustachio
  4052 | D:5      | Reached skill level 5 in Short Blades
  4145 | D:5      | Found a sparkling altar of Nemelex Xobeh.
  4241 | D:5      | Noticed Ijyb
  4243 | D:5      | Found the +8 lance "Wyrmbane" {slay drac, rPois rF+ rC+
                  | AC+3}
  4255 | D:5      | Killed Ijyb
  4255 | D:5      | Reached skill level 7 in Shields
  4401 | D:8      | Noticed a two-headed ogre
  4405 | D:8      | Reached skill level 1 in Polearms
  4407 | D:8      | Noticed a hornet
  4413 | D:8      | Killed a two-headed ogre
  4413 | D:8      | Reached XP level 9. HP: 37/75 MP: 7/7
  4419 | D:8      | Slain by an orc warrior

Levels and vault maps discovered:
D:1:      dpeg_arrival_water_altar, layout_basic
D:2:      layout_basic, lemuel_doored_altar, amethyst_overflow_temple_binary
D:3:      layout_basic, chequers_ecumenical_altar_island, chequers_big_river,
          uniq_natasha, uniq_purgy
D:4:      layout_basic, zin_purify, chequers_temple_overflow_statue_of_worship,
          first_ration, corexii_hall_statues_s, uniq_grinder
D:5:      layout_basic, kennysheep_little_box, nemelex_altar_shiori,
          uniq_sigmund, uniq_eustachio, uniq_ijyb
D:6:      layout_basic, temple_doors_ab, serial_bayou_ford_a,
          uniq_prince_ribbit1
D:7:      minmay_chambers_of_fours, layout_loops_ring
D:8:      layout_basic, ashenzari_conservatory_becter, hangedman_pestilent_swarm

Skill      XL: |  1  2  3  4  5  6  7  8 |
---------------+-------------------------+-----
Shields        | 4 5 6 7 |  7.7
Short Blades   | 1 2 3 4 5 |  5.0
Long Blades    | 3 4 5 6 |  6.3
Throwing       | 1 2 3 |  3.7
Fighting       | 4 5 6 |  6.0
Armour         | 4 5 |  5.9
Dodging        | 1 2 4 |  4.0
Polearms       | 3 |  3.1

Action                   |  1- 3 |  4- 6 |  7- 9 || total
-------------------------+-------+-------+-------++-------
Melee: Dagger            |    96 |   148 |    95 ||   339
       Long sword        |     2 |       |       ||     2
       Headbutt          |    10 |    24 |    19 ||    53
       Lance             |       |       |    29 ||    29
Evoke: Wand              |       |       |     2 ||     2
  Use: Potion            |     3 |     3 |     2 ||     8
       Scroll            |     3 |     9 |     3 ||    15
  Eat: Chunk             |     1 |     6 |     4 ||    11
Armor: Scale mail        |    35 |    37 |       ||    72
       Chain mail        |       |       |    33 ||    33
Dodge: Dodged            |    32 |    40 |    34 ||   106
       Deflected         |       |     6 |     1 ||     7
Block: Shield            |    41 |    78 |    57 ||   176

Table legend:
 A = Non-vault XP
 B = Vault XP
 C = Vault XP percentage of total XP
 D = Non-vault monster count
 E = Vault monster count
 F = Vault count percentage of total count
                 A         B        C        D         E       F
            +---------+---------+-------+---------+---------+-------
      Total |    2439 |     909 |  27.2 |     128 |       6 |   4.5
            +---------+---------+-------+---------+---------+-------
        D:1 |      51 |       0 |   0.0 |      26 |       0 |   0.0
        D:2 |     119 |       0 |   0.0 |      27 |       0 |   0.0
        D:3 |     314 |     172 |  35.4 |      26 |       2 |   7.1
        D:4 |     611 |     277 |  31.2 |      24 |       1 |   4.0
        D:5 |     297 |     460 |  60.8 |      14 |       3 |  17.6
        D:6 |      66 |       0 |   0.0 |       7 |       0 |   0.0
        D:7 |       2 |       0 |   0.0 |       1 |       0 |   0.0
        D:8 |     979 |       0 |   0.0 |       3 |       0 |   0.0
            +---------+---------+-------+---------+---------+-------
